 Dungeon Crawl Stone Soup version 0.30.1-11-g7821555f0a (webtiles) character file.

Game seed: 5406330343302936482

28 KittyFluff the Trooper (level 3, -1/23 HPs)
             Began as a Gargoyle Berserker on Nov 13, 2023.
             Was a Follower of Trog.
             Splashed by a jelly's acid (2 damage)
             ... on level 4 of the Dungeon.
             The game lasted 00:03:56 (1184 turns).

KittyFluff the Trooper (Gargoyle Berserker)         Turns: 1184, Time: 00:03:56

Health: -1/23      AC:  1    Str: 22    XL:     3   Next: 12%
Magic:  3/3        EV: 12    Int:  7    God:    Trog [*.....]
Gold:   53         SH:  0    Dex:  9    Spells: 2/2 levels left

rFire   . . .        a - +0 mace
rCold   . . .        (no shield)
rNeg    + . .        b - +0 animal skin
rPois   ∞            (no helmet)
rElec   +            (no cloak)
rCorr   .            (no gloves)
SInv    .            (no boots)
Will    .....        (no amulet)
Stlth   +            (no ring)
HPRegen 0.23/turn    (no ring)
MPRegen 0.08/turn

%: no passive effects
@: corroded
A: sickness immunity, AC +3, negative energy resistance 1, electricity
resistance, torment resistance 1, petrification resistance
a: Renounce Religion, Berserk


You were on level 4 of the Dungeon.
You worshipped Trog.
Trog was aware of your devotion.
You visited 1 branch of the dungeon, and saw 3 of its levels.

You collected 53 gold pieces.

Inventory:

Hand Weapons
 a - a +0 mace (weapon)
Missiles
 e - 12 poisoned darts (quivered)
Armour
 b - a +0 animal skin (worn)
Wands
 k - a wand of flame (20)
Scrolls
 c - a scroll of magic mapping {unknown}
 f - a scroll of identify {unknown}
 j - a scroll of amnesia {unknown}
 l - a scroll of fog {unknown}
Potions
 d - 3 potions of curing {unknown}
 g - a potion of resistance {unknown}
 h - 3 potions of magic {unknown}
 i - a potion of lignification {unknown}


   Skills:
 + Level 3.4 Fighting
 * Level 3.3 Maces & Flails
 * Level 2.8 Armour
 + Level 1.7 Dodging
 + Level 1.0 Stealth


You had 2 spell levels left.
You didn't know any spells.
Your spell library was empty.

Dungeon Overview and Level Annotations

Branches:
Dungeon (4/15)
 Temple: D:4-7

Altars:

Annotations:
D:1 1 transporter


Innate Abilities, Weirdness & Mutations

You are immune to sickness and miasma.
Your stone body is resilient. (AC +3)
You are immune to poison.
You resist negative energy. (rN+)
You are resistant to electric shocks. (rElec)
You are resistant to unholy torment.
You are immune to petrification.


Message History

Your experience leads to an increase in your attributes!
Increase (S)trength, (I)ntelligence, or (D)exterity?
You feel stronger. x2
You see here an adder corpse.
Found a fizzy inky potion.
Found a stone staircase leading up.
A ball python comes into view.
Found a scale mail.
Found 6 gold pieces.
h - 3 fuming golden potions (gained 1)
You now have 53 gold pieces (gained 13).
The ball python hisses angrily.
A jelly comes into view.
Found an escape hatch in the floor.
The jelly quivers.
The ball python bites you but does no damage.
The ball python misses you.
The ball python bites you but does no damage.
The ball python grabs you. The ball python constricts you.
You closely miss the ball python. The ball python completely misses you.
The ball python constricts you.
The jelly jiggles.
You hit the ball python but do no damage.
The ball python barely misses you. The ball python constricts you.
The ball python closely misses you. The ball python constricts you.
You sock the ball python!
You kill the ball python!
Trog accepts your kill.
You see here a ball python corpse.
You sock the jelly! The acid corrodes you!
Your hands burn!
The jelly is heavily wounded.
The jelly hits you.
You are splashed with acid.
The jelly barely misses you.
You barely miss the jelly.
The jelly is heavily wounded.
The jelly barely misses you.
You hit the jelly but do no damage.
Your hands burn!
The jelly is heavily wounded.
The jelly hits you. The acid corrodes you!
You are splashed with acid!
* * * LOW HITPOINT WARNING * * *
You hit the jelly.
Your hands burn!
You die...

..$.
..[.###########
..............#
.....!........#
..............#
...#..........#
>.............#
......J@......#
..............#
..............#
....##....#####
... ###......#
.. #†##..... .
#.# ..... #.##
..<. #..# ....


You could see a jelly.

Vanquished Creatures
  An adder (D:4)
  A dart slug (D:2)
  2 endoplasms (D:1)
  2 goblins (D:1)
  2 hobgoblins (D:1)
  A ball python (D:4)
  A bat (D:1)
  2 frilled lizards
  3 kobolds
  A rat (D:1)
16 creatures vanquished.

Notes
Turn   | Place    | Note
-------+----------+-------------------------------------------
     0 | D:1      | KittyFluff the Gargoyle Berserker began the quest for the
                  | Orb.
     0 | D:1      | Reached XP level 1. HP: 14/14 MP: 1/1
   432 | D:1      | Reached XP level 2. HP: 19/19 MP: 2/2
  1130 | D:2      | You fall into a shaft and drop 2 floors!
  1159 | D:4      | Reached skill level 1 in Stealth
  1159 | D:4      | Reached XP level 3. HP: 23/23 MP: 3/3
  1183 | D:4      | HP: 1/23 [acid (8)]
  1184 | D:4      | Splashed by a jelly's acid

Illustrated notes

Levels and vault maps discovered:
D:1:      spicycebolla_arrival_risky_transporter, layout_basic
D:2:      layout_loops_ring, uniq_natasha
D:4:      layout_rooms, roderic_lattice_a, uniq_grinder

Skill      XL: |  1  2 |
---------------+-------+-----
Stealth        | 1 |  1.0
Fighting       | |  3.4
Maces & Flails | |  3.3
Armour         | |  2.8
Dodging        | |  1.7

Action                     || total
---------------------------++-------
  Melee: Mace              ||    67
 Armour: Animal skin       ||    17
  Dodge: Dodged            ||    48
